 Dungeon Crawl Stone Soup version 0.29-a0-617-g7a6b98fccd (webtiles) character file.

Game seed: 7474682427860279208

13 Kaemin the Conjurer (level 2, -4/20 HPs)
             Began as a Demigod Conjurer on June 18, 2022.
             Slain by a gnoll
             ... wielding a +0 club
              (6 damage)
             ... on level 1 of the Dungeon.
             The game lasted 00:04:14 (1138 turns).

Kaemin the Conjurer (Demigod Conjurer)              Turns: 1138, Time: 00:04:14

Health: -4/20      AC:  5    Str:  8    XL:     2   Next: 12%
Magic:  0/7        EV: 10    Int: 20    God:
Gold:   54         SH:  0    Dex: 12    Spells: 3/4 levels left

rFire   . . .      SeeInvis .   d - +0 short sword (speed)
rCold   . . .      Faith    .   (no shield)
rNeg    . . .      Spirit   .   f - +0 ring mail
rPois   .          Reflect  .   (no helmet)
rElec   .          Harm     .   (no cloak)
rCorr   .          Rampage  .   (no gloves)
Will    .....                   (no boots)
Stlth   +.........              (no amulet)
HPRegen 0.06/turn               (no ring)
MPRegen 0.10/turn               (no ring)

@: very slightly contaminated
A: high MP 1, forlorn, divine attributes
a: no special abilities


You were on level 1 of the Dungeon.
You visited 1 branch of the dungeon, and saw 1 of its levels.

You collected 54 gold pieces.

Inventory:

Hand Weapons
 d - a +0 short sword of speed (weapon)
Armour
 a - a +0 robe
 f - a +0 ring mail (worn)
Scrolls
 c - 2 scrolls of fear {unknown}
 e - 2 scrolls of identify {unknown}
 g - 2 scrolls of immolation {unknown}
 j - a scroll of teleportation {unknown}
Potions
 b - a potion of magic
 h - a potion of flight {unknown}
 i - a potion of curing {unknown}
 k - a potion of invisibility {unknown}


   Skills:
 + Level 1.9 Dodging
 + Level 1.9 Stealth
 + Level 1.9 Spellcasting
 + Level 3.9 Conjurations


You had 3 spell levels left.
You knew the following spells:

 Your Spells              Type           Power      Damage    Failure   Level
a - Magic Dart            Conj           68%        1d6       10%         1

Your spell library contained the following spells:

 Spells                   Type           Power      Damage    Failure   Level
 Searing Ray              Conj           34%        2d5       14%         2
 Dazzling Flash           Conj/Hex       18%        N/A       54%         3
 Fulminant Prism          Conj/Hex       4%         3d6       91%         4
 Iskenderun's Mystic Bla  Conj/Tloc      9%         2d4       91%         4


Dungeon Overview and Level Annotations

Branches:
Dungeon (1/15)

Shops:
D:1 *


Innate Abilities, Weirdness & Mutations

You have an increased reservoir of magic. (+10% MP)
You shall have no god before yourself.
Your divine heritage dramatically boosts your attributes as you level up.


Message History

You are out of magic!
Really attack while wielding nothing? [Y]es or [N]o only, please.
Really attack while wielding nothing? [Y]es or [N]o only, please.
Really attack while wielding nothing?
Okay, then.
Your hands tingle!
d - a +0 short sword of speed (weapon)
The gnoll barely misses you.
You hit the gnoll but do no damage.
The gnoll is lightly wounded.
You hit the gnoll but do no damage.
The gnoll is lightly wounded.
The gnoll hits you but does no damage.
You closely miss the gnoll.
The gnoll is lightly wounded.
The gnoll closely misses you.
You hit the gnoll.
The gnoll is moderately wounded.
The magic dart hits the gnoll.
The gnoll is severely wounded.
The gnoll hits you with a +0 club.
You barely miss the gnoll.
The gnoll is severely wounded.
The gnoll hits you with a +0 club!
* * * LOW HITPOINT WARNING * * *
The gnoll attacks as you move away! The gnoll barely misses you.
The gnoll attacks as you move away! The gnoll hits you but does no damage.
The gnoll attacks as you move away! The gnoll hits you with a +0 club.
* * * LOW HITPOINT WARNING * * *
The gnoll attacks as you move away! The gnoll hits you with a +0 club.
* * * LOW HITPOINT WARNING * * *
You are too injured to fight recklessly!
You are too injured to fight recklessly!
You are too injured to fight recklessly!
You completely miss the gnoll.
The gnoll is severely wounded.
The gnoll hits you with a +0 club.
You die...

### ..#########
##.#######..# #
#...........# #####
#.# #.# #.^.. #.# #.#
##.### #.# #.# ##...##
##.#### #.###.###.#
##.#g..#####.##.## ##.
#...#@..........# #.
#..#.##.####.[#.## ##.
#.###.#.# #..##.###.#
#..#.#..# #..###...##
#.#.###.## #..# ######
#.##.#...###..# #
#...#).#.##...########
#..##......[..........
#..##.##.##...########


You could see a gnoll.

Vanquished Creatures
  A dart slug (D:1)
  An endoplasm (D:1)
  A hobgoblin (D:1)
  A ball python (D:1)
  A bat (D:1)
  A frilled lizard (D:1)
  3 goblins (D:1)
  A kobold (D:1)
  2 rats (D:1)
12 creatures vanquished.

Notes
Turn   | Place    | Note
-------+----------+-------------------------------------------
     0 | D:1      | Kaemin the Demigod Conjurer began the quest for the Orb.
     0 | D:1      | Reached XP level 1. HP: 14/14 MP: 5/5
   388 | D:1      | Found Asuudd Woyz's Assorted Antiques.
   798 | D:1      | Reached XP level 2. HP: 20/20 MP: 4/7
  1138 | D:1      | Slain by a gnoll

Illustrated notes

Levels and vault maps discovered:
D:1:      scummos_arrival_hexagon, layout_loops_ring, serial_shops,
          nicolae_shop_overgrown_old_shop, hellmonk_ecumenical_altar_crossroads,
          minmay_tripent

Action                   || total
-------------------------++-------
Melee: Unarmed           ||     2
       Short sword       ||     6
 Cast: Magic Dart        ||    29
  Use: Potion            ||     1
Armor: Ring mail         ||     2
Dodge: Dodged            ||    10

Table legend: (Time is in decaauts)
 A = Elapsed time spent in this place.
 B = Non-inter-level travel time spent in this place.
 C = Inter-level travel time spent in this place.
 D = Time resting spent in this place.
 E = Time spent auto-exploring this place.
 F = Levels seen in this place.
 G = Mean time per level.
                   A        B        C        D        E       F      G
               +--------+--------+--------+--------+--------+-----+--------+
         Total |   1147 |   1067 |     80 |      0 |    963 |   1 | 1147.0 |
       Dungeon |   1147 |   1067 |     80 |      0 |    963 |   1 | 1147.0 |
               +--------+--------+--------+--------+--------+-----+--------+

Top non-repeatable levels by time:
     D:1: 1147 daAuts
